 Dungeon Crawl Stone Soup version 0.31-a0-675-g238779eb0a (webtiles) character file.

Game seed: 1951325360415667087

121 lunkers the Insei (level 5, -8/40 HPs)
             Began as a Meteoran Shapeshifter on Sept 5, 2023.
             Killed from afar by Ijyb (11 damage)
             ... with a puff of flame
             ... on level 3 of the Dungeon.
             The game lasted 00:02:57 (1153 turns).

lunkers the Insei (Meteoran Shapeshifter)           Turns: 1153, Time: 00:02:58

Health: -8/40      AC:  2    Str: 15    XL:     5   Next: 52%
Magic:  0/6        EV: 12    Int: 12    God:
Gold:   119        SH:  0    Dex: 15    Spells: 4/4 levels left

rFire   . .          .
                       - Unarmed
rCold   . . .        (no shield)
rNeg    . . .        a - +0 animal skin
rPois   .            (helmet currently unavailable)
rElec   .            (cloak currently unavailable)
rCorr   .            (gloves currently unavailable)
SInv    .            (boots currently unavailable)
Will    .....        l - amulet of guardian spirit
Stlth   +            (no ring)
HPRegen 0.26/turn    (no ring)
MPRegen 0.10/turn

%: guardian spirit
@: beast-form, glowing
A: beast (slay +2), sense surroundings 1, otherworldly, glowing, explore regen
a: Begin Untransformation


You were on level 3 of the Dungeon.
You were a hulking beast.
You visited 1 branch of the dungeon, and saw 3 of its levels.

You collected 119 gold pieces.

Inventory:

Armour
 a - a +0 animal skin (worn)
 k - the +1 scale mail "Cacriewny" {rF+ rC+ Dex-4 SInv}
   (You found it on level 2 of the Dungeon)

   Dex-4:     It affects your dexterity (-4).
   rF+:       It protects you from fire.
   rC+:       It protects you from cold.
   SInv:      It lets you see invisible.
 m - a +2 helmet
Jewellery
 l - an amulet of guardian spirit (around neck)
Talismans
 c - a beast talisman (active)
 d - a flux talisman
 g - a storm talisman
Wands
 r - a wand of iceblast (7)
Scrolls
 e - a scroll of immolation {unknown}
 f - a scroll of identify {unknown}
 i - 2 scrolls of poison {unknown}
 j - a scroll of enchant weapon {unknown}
 o - a scroll of teleportation {unknown}
 p - a scroll of butterflies {unknown}
Potions
 b - a potion of might {unknown}
 h - 2 potions of curing {unknown}
 n - a potion of enlightenment {unknown}
 q - a potion of heal wounds {unknown}


   Skills:
 - Level 1.1 Fighting
 - Level 2.1 Dodging
 * Level 5.8 Unarmed Combat
 + Level 4.7 Shapeshifting


You had 4 spell levels left.
You didn't know any spells.
Your spell library contained the following spells:

 Spells                   Type           Power      Damage    Failure   Level
 Ozocubu's Armour         Ice            0%         N/A       69%         3
 Ozocubu's Refrigeration  Ice            0%         4d7       100%        7


Dungeon Overview and Level Annotations

Branches:
Dungeon (3/15) Zot: 664

Altars:

Annotations:
D:3 Ijyb


Innate Abilities, Weirdness & Mutations

You are a hulking beast.
Your limbs bulge with bestial killing power. (Slay +2)
You passively map a small area around you.
You are easily found by Zot.
You glow in the dark.
You regain HP and MP as you explore.


Message History

Unknown command.
You barely miss Ijyb.
Ijyb is severely wounded.
Ijyb hits you with a +0 dagger of protection.
* * * LOW HITPOINT WARNING * * *
Unknown command.
You hit Ijyb.
Ijyb is almost dead.
Ijyb hits you with a +0 dagger of protection.
You hit Ijyb but do no damage.
Ijyb is almost dead.
Ijyb hits you with a +0 dagger of protection.
* * * LOW HITPOINT WARNING * * *
You hit Ijyb but do no damage.
Ijyb is almost dead.
Ijyb hits you with a +0 dagger of protection.
* * * LOW HITPOINT WARNING * * *
You hit Ijyb.
Ijyb is almost dead.
Ijyb zaps a wand.
The puff of flame hits you.
* * * LOW HITPOINT WARNING * * *
You hit Ijyb but do no damage. Your punch misses Ijyb.
Ijyb is almost dead.
Ijyb barely misses you.
Unknown command.
Unknown command.
You hit Ijyb but do no damage.
Ijyb is almost dead.
You closely miss Ijyb.
Ijyb is almost dead.
Ijyb misses you.
You hit Ijyb but do no damage.
Ijyb is almost dead.
Ijyb zaps a wand.
The puff of flame hits you!
* * * LOW HITPOINT WARNING * * *
You completely miss Ijyb.
Ijyb is almost dead.
Ijyb zaps a wand.
The puff of flame hits you!
* * * LOW MAGIC WARNING * * *
You die...

*, * * #.. ** * , **
#.# , * * #.# *###
######### #.# * #..
#.......# #.# #
#.#*,#.#####.# #.#
#.##.##.#.#####.###.#
#..g....#.##........#
*#h####....##.#####
#......#####.#
######.......#
#########


You could see Ijyb.

Vanquished Creatures
  Robin (D:2)
  3 adders
  2 worms (D:2)
  4 dart slugs
  4 ball pythons
  8 endoplasms
  14 goblins
  8 hobgoblins
  4 jackals (D:3)
  3 quokkas
  5 bats
  A kobold (D:1)
  5 rats
62 creatures vanquished.

Notes
Turn   | Place    | Note
-------+----------+-------------------------------------------
     0 | D:1      | lunkers the Meteoran Shapeshifter began the quest for the
                  | Orb.
     0 | D:1      | Reached XP level 1. HP: 16/16 MP: 2/2
   135 | D:1      | Reached skill level 4 in Unarmed Combat
   135 | D:1      | Reached XP level 2. HP: 23/23 MP: 3/3
   294 | D:1      | Reached XP level 3. HP: 27/28 MP: 4/4
   511 | D:2      | Reached XP level 4. HP: 32/35 MP: 5/5
   517 | D:2      | Identified the +1 scale mail "Cacriewny" {rF+ rC+ Dex-4
                  | SInv}
   521 | D:2      | Noticed Robin
   537 | D:2      | Reached skill level 5 in Unarmed Combat
   540 | D:2      | Killed Robin
   692 | D:2      | Reached XP level 5. HP: 25/40 MP: 6/6
  1131 | D:3      | Noticed Ijyb
  1153 | D:3      | Killed from afar by Ijyb

Illustrated notes

Levels and vault maps discovered:
D:1:      roderic_chinese_lattice_arrival, layout_loops_ring
D:2:      layout_rooms, kennysheep_nondescript, minmay_snake_closets, uniq_robin
D:3:      layout_loops_cross, mainiacjoe_overflow_alcove_1, serial_glass,
          glass_columns_a, glass_columns_a, uniq_ijyb

Skill      XL: |  1  2  3  4 |
---------------+-------------+-----
Unarmed Combat | 4 5 |  5.8
Shapeshifting  | 4 |  4.7
Fighting       | |  1.1
Dodging        | |  2.1

Action                     |  1- 3 |  4- 6 || total
---------------------------+-------+-------++-------
  Melee: Unarmed           |    77 |   112 ||   189
         Punch             |     4 |     4 ||     8
    Use: Potion            |       |     1 ||     1
 Armour: Animal skin       |    28 |    53 ||    81
         Skin              |       |     9 ||     9
  Dodge: Dodged            |    50 |    59 ||   109

Table legend: (Time is in decaauts)
 A = Elapsed time spent in this place.
 B = Non-inter-level travel time spent in this place.
 C = Inter-level travel time spent in this place.
 D = Time resting spent in this place.
 E = Time spent auto-exploring this place.
 F = Levels seen in this place.
 G = Mean time per level.
                   A        B        C        D        E       F      G
               +--------+--------+--------+--------+--------+-----+--------+
         Total |   1134 |   1057 |     77 |     15 |    705 |   3 |  378.0 |
       Dungeon |   1134 |   1057 |     77 |     15 |    705 |   3 |  378.0 |
               +--------+--------+--------+--------+--------+-----+--------+

Top non-repeatable levels by time:
     D:1: 479 daAuts
     D:2: 360 daAuts
     D:3: 294 daAuts
